 Dungeon Crawl Stone Soup version 0.25-a0-815-gab441bd002 (webtiles) character file.

Game seed: 6405419910894305011, levelgen mode: deterministic

6680 Maedhros the Martial Artist (level 11, -2/71 (72) HPs)
             Began as an Octopode Artificer on Apr 20, 2020.
             Was an Elder of Cheibriados.
             Slain by a two-headed ogre
             ... wielding a +0 giant spiked club
              (24 damage)
             ... on level 14 of the Dungeon.
             The game lasted 00:11:06 (7380 turns).

Maedhros the Martial Artist (Octopode Artificer)    Turns: 7380, Time: 00:11:07

HP:   -2/71 (72)    AC:  1    Str: 21    XL:     11   Next: 3%
MP:   12/16         EV: 19    Int: 24    God:    Cheibriados [****..]
Gold: 361           SH:  9    Dex: 26    Spells: 10/10 levels left

rFire    . . .     SeeInvis +     - Unarmed
rCold    . . .     Gourm    .   r - +2 buckler
rNeg     . . .     Faith    .   (helmet restricted)
rPois    .         Spirit   .   (no amulet)
rElec    .         Reflect  .   l - ring of see invisible
rCorr    .         Harm     .   (no ring)
MR       .....                  (no ring)
Stlth    ++++++....             (no ring)
HPRegen  0.21/turn              (no ring)
MPRegen  0.15/turn              (no ring)
                                (no ring)
                                (no ring)

@: very slow
A: almost no armour, stealthy swim, amphibious, 8 rings, constrict 8, camouflage
1, gelatinous body 1
a: Bend Time, Temporal Distortion, Slouch, Renounce Religion


You were on level 14 of the Dungeon.
You worshipped Cheibriados.
Cheibriados was greatly pleased with you.
You were hungry.

You visited 2 branches of the dungeon, and saw 11 of its levels.

You collected 361 gold pieces.

Inventory:

Missiles
 a - 4 poisoned darts (quivered)
Armour
 r - a +2 buckler (worn)
Jewellery
 l - a ring of see invisible (left tentacle)
Wands
 b - a wand of iceblast (5)
 m - a wand of acid (11)
 v - a wand of paralysis (4)
 x - a wand of scattershot (3)
Scrolls
 d - a scroll of fog {unknown}
 e - 3 scrolls of blinking {unknown}
 h - 4 scrolls of remove curse {unknown}
 i - a scroll of immolation {unknown}
 j - 3 scrolls of enchant armour {unknown}
 k - 2 scrolls of noise {unknown}
 p - a scroll of magic mapping {unknown}
 s - a scroll of amnesia {unknown}
 u - 3 scrolls of identify {unknown}
 y - 2 scrolls of silence {unknown}
Potions
 g - a potion of degeneration {unknown}
 o - 2 potions of heal wounds {unknown}
 q - a potion of experience {unknown}
Comestibles
 f - 4 rations


   Skills:
 + Level 5.5 Fighting
   Level 1.0 Short Blades
 + Level 6.1 Dodging
 + Level 9.4 Stealth
 + Level 5.4 Shields
 * Level 9.4 Unarmed Combat
 + Level 2.9 Invocations
 - Level 7.2 Evocations


You had 10 spell levels left.
You didn't know any spells.
Your spell library contained the following spells:

 Spells                   Type           Power        Failure   Level  Hunger
 Animate Skeleton         Necr           N/A          14%         1    ##.....
 Apportation              Tloc           #.....       14%         1    ##.....
 Corona                   Hex            #......      14%         1    ##.....
 Magic Dart               Conj           #...         14%         1    ##.....
 Summon Small Mammal      Summ           #...         14%         1    ##.....
 Blink                    Tloc           N/A          22%         2    ###....
 Call Imp                 Summ           #.......     22%         2    ###....
 Slow                     Hex            #.......     22%         2    ###....
 Conjure Flame            Conj/Fire      #.......     41%         3    ####...
 Mephitic Cloud           Conj/Pois/Air  #.......     41%         3    ####...
 Recall                   Summ/Tloc      N/A          41%         3    ####...
 Aura of Abjuration       Summ           #.........   99%         5    ######.
 Summon Demon             Summ           #.........   99%         5    ######.
 Summon Forest            Summ/Tloc      #.........   99%         5    ######.
 Summon Mana Viper        Hex/Summ       #.......     99%         5    ######.
 Shadow Creatures         Summ           N/A          100%        6    #######


Dungeon Overview and Level Annotations

Branches:
Dungeon (11/15)            Temple (1/1) D:5            Lair (0/6) D:10
    Orc (0/2) D:10

Altars:
Ashenzari
Cheibriados
Dithmenos
Elyvilon
Fedhas
Gozag
Hepliaklqana
Kikubaaqudgha
Nemelex Xobeh
Okawaru
Qazlal
Ru
Sif Muna
Trog
Uskayaw
Vehumet
Wu Jian
Xom
Yredelemnul
Zin
The Shining One


Innate Abilities, Weirdness & Mutations

You cannot wear most types of armour.
You are very stealthy in the water. (Stealth+)
You are amphibious.
You can wear up to eight rings at the same time.
You can use your tentacles to constrict eight enemies at once.
Your skin changes colour to match your surroundings (Stealth+).
Your rubbery body absorbs attacks. (AC +1, EV +1)


Message History

The arrow hits you!
The centaur shoots an arrow.
The arrow hits you!
You tentacle-slap the two-headed ogre but do no damage.
You tentacle-slap the two-headed ogre. You squeeze the two-headed ogre.
The two-headed ogre is almost dead.
You block the two-headed ogre's attack.
The two-headed ogre hits you with a +0 giant spiked club!
The centaur shoots an arrow.
You block the arrow.
You tentacle-slap the two-headed ogre.
The two-headed ogre is almost dead.
The centaur shoots an arrow.
The arrow hits you!
You barely miss the two-headed ogre.
The two-headed ogre is almost dead.
You block the two-headed ogre's attack.
The two-headed ogre completely misses you.
The centaur shoots an arrow.
The arrow misses you.
You tentacle-slap the two-headed ogre but do no damage.
The two-headed ogre is almost dead.
The centaur shoots an arrow.
The arrow completely misses you.
The two-headed ogre hits you with a +0 giant spiked club!!
You die...

.. ## ... #.##...
#.... (.......
#....#####........
#....#.##(........
#..)..............
#.....##@#.......
#.....#O)#.......
#.....c........
#..............
##.........)...
##............
#............
##...........
##..........


You could see a two-headed ogre and a centaur.

Vanquished Creatures
  A two-headed ogre (D:11)
  A wizard (D:14)
  A cyclops (D:11)
  A centaur zombie (D:11)
  Prince Ribbit (D:5)
  9 yaks
  A steam dragon (D:10)
  A hungry ghost (D:4)
  3 ice beasts
  A sky beast (D:6)
  4 orc warriors
  A phantom (D:10)
  A black bear (D:4)
  A necrophage (D:11)
  An ogre (D:11)
  A centaur (D:10)
  A big kobold (D:10)
  5 bullfrogs
  2 iguanas
  A water moccasin skeleton (D:5)
  3 scorpions
  2 howler monkeys (D:4)
  A wight (D:11)
  4 electric eels
  2 crimson imps
  A bullfrog zombie (D:6)
  A hound (D:10)
  3 jellies
  4 orc priests
  9 orc wizards
  5 worker ants
  A hound skeleton (D:5)
  2 mummies (D:11)
  A worker ant zombie (D:5)
  4 gnolls (D:4)
  2 adders
  4 shadow imps
  An adder skeleton (D:4)
  2 worms (D:5)
  A dart slug (D:4)
  40 orcs
  A ball python (D:6)
  2 giant cockroaches (D:2)
  3 goblins (D:1)
  A hobgoblin (D:3)
  14 jackals
  3 quokkas
  A bat (D:2)
  2 frilled lizards
  12 kobolds
  A quokka skeleton (D:4)
  7 rats
178 creatures vanquished.

Vanquished Creatures (collateral kills)
  A water moccasin skeleton (D:5)
  An orc priest (D:10)
  An orc wizard (D:5)
  A worker ant (D:10)
  A hound skeleton (D:5)
  A leopard gecko (D:4)
  8 orcs
  A frilled lizard (D:4)
15 creatures vanquished.

Vanquished Creatures (others)
  An orc priest (D:5)
1 creature vanquished.

Grand Total: 194 creatures vanquished

Notes
Turn   | Place    | Note
-------+----------+-------------------------------------------
     0 | D:1      | Maedhros the Octopode Artificer began the quest for the
                  | Orb.
     0 | D:1      | Reached XP level 1. HP: 13/13 MP: 3/3
   407 | D:1      | Reached skill level 1 in Unarmed Combat
   407 | D:1      | Reached XP level 2. HP: 18/18 MP: 4/4
   465 | D:1      | You fall into a shaft and drop 1 floor!
   868 | D:2      | Reached XP level 3. HP: 15/23 MP: 5/5
  1046 | D:4      | Noticed a hungry ghost
  1055 | D:4      | Killed a hungry ghost
  1055 | D:4      | Reached XP level 4. HP: 12/28 MP: 5/7
  1055 | D:4      | Reached XP level 5. HP: 15/33 MP: 5/8
  1443 | D:4      | Noticed a black bear
  1450 | D:4      | Killed a black bear
  1450 | D:4      | Reached XP level 6. HP: 36/38 MP: 9/9
  1940 | D:4      | Reached skill level 5 in Stealth
  1940 | D:4      | Reached skill level 5 in Evocations
  1940 | D:4      | Reached XP level 7. HP: 43/43 MP: 10/10
  2183 | D:5      | Entered Level 5 of the Dungeon
  2551 | D:5      | Reached skill level 5 in Unarmed Combat
  2595 | D:5      | Noticed Prince Ribbit
  2603 | D:5      | Killed Prince Ribbit
  2603 | D:5      | Reached skill level 1 in Shields
  2640 | D:5      | Found a staircase to the Ecumenical Temple.
  2730 | Temple   | Entered the Ecumenical Temple
  2818 | Temple   | Became a worshipper of Cheibriados the Contemplative
  2939 | D:5      | Reached XP level 8. HP: 43/50 MP: 12/12
  3008 | D:5      | Noticed a moth of wrath
  3011 | D:5      | Found a bloodstained altar of Trog.
  3329 | D:6      | Found a shimmering blue altar of Sif Muna.
  3329 | D:6      | Found a sparkling altar of Nemelex Xobeh.
  3329 | D:6      | Found an ornate altar of the Wu Jian Council.
  3332 | D:6      | Found an opulent altar of Gozag.
  3333 | D:6      | Found an iron altar of Okawaru.
  3615 | D:6      | HP: 2/51 [shadow imp/nerve-wracking pain (13)]
  3616 | D:6      | Reached * piety under Cheibriados
  4500 | D:6      | Reached XP level 9. HP: 36/56 MP: 13/13
  4503 | D:6      | Reached ** piety under Cheibriados
  4569 | D:6      | Found a white marble altar of Elyvilon.
  4883 | D:7      | You fall into a shaft and drop 3 floors!
  4883 | D:10     | Entered Level 10 of the Dungeon
  5228 | D:10     | Found a staircase to the Orcish Mines.
  5235 | D:10     | Reached *** piety under Cheibriados
  5540 | D:10     | Found a snail-covered altar of Cheibriados.
  5848 | D:10     | Found a shadowy altar of Dithmenos.
  6068 | D:10     | Reached skill level 5 in Dodging
  6068 | D:10     | Reached XP level 10. HP: 50/65 MP: 15/15
  6229 | D:10     | Found a staircase to the Lair.
  6330 | D:11     | Reached **** piety under Cheibriados
  6351 | D:11     | Noticed a two-headed ogre
  6420 | D:11     | Killed a two-headed ogre
  6420 | D:11     | Reached skill level 5 in Fighting
  6420 | D:11     | Reached skill level 1 in Invocations
  6769 | D:11     | Reached skill level 5 in Shields
  7199 | D:11     | Noticed a cyclops
  7204 | D:11     | Killed a cyclops
  7363 | D:11     | You fall into a shaft and drop 3 floors!
  7369 | D:14     | Noticed a wizard
  7371 | D:14     | Noticed a two-headed ogre
  7376 | D:14     | Killed a wizard
  7376 | D:14     | Reached XP level 11. HP: 66/71 MP: 11/16
  7380 | D:14     | Slain by a two-headed ogre

Levels and vault maps discovered:
D:1:      giann_bridges, layout_basic
D:2:      layout_basic, minmay_vboxes
D:3:      layout_basic, first_ration, fedhas_altar_2
D:4:      layout_loops_ring
D:5:      layout_loops_ring, minmay_temple_entry_statues_fountains, tgw_trog,
          uniq_prince_ribbit1
D:6:      wad_river_or_something, layout_cave_pods, lemuel_round_altar,
          minitemple, enter_ossuary_3, kennysheep_generic_room_5
D:7:      kennysheep_windowed_halls, layout_loops_ring, grunt_ogre_cave
D:10:     layout_loops_ring, lair_entry_dummy, hiddenorc2_lemuel, basic_altar,
          kennysheep_donut, grunt_dithmenos_shadows
D:11:     layout_roguey, serial_undead, serial_undead_b, serial_undead_c,
          serial_undead_c, serial_undead_d
D:14:     layout_cave_pools, erik_vaults_1, serial_shops, kennysheep_mini,
          hangedman_decor_growths, doesnt_xom_only_xom, uniq_frances
Temple:   eino_temple_scatter_basement

Skill      XL: |  1  2  3  4  5  6  7  8  9 10 |
---------------+-------------------------------+-----
Unarmed Combat | 1 3 4 5 6 8 9 |  9.4
Stealth        | 2 3 4 5 6 8 9 |  9.4
Evocations     | 4 5 6 7 |  7.2
Shields        | 1 2 4 5 |  5.4
Fighting       | 2 3 4 5 |  5.5
Dodging        | 3 5 6 |  6.1
Invocations    | 2 |  2.9
Short Blades   | |  1.0

Action                   |  1- 3 |  4- 6 |  7- 9 | 10-12 || total
-------------------------+-------+-------+-------+-------++-------
Melee: Short sword       |    41 |       |       |       ||    41
       Constrict         |    13 |    12 |    67 |    13 ||   105
       Tentacles         |     4 |     7 |    76 |    42 ||   129
       Punch             |     2 |     1 |    20 |    19 ||    42
       Dagger            |     4 |    38 |    59 |       ||   101
       Trident           |       |       |   108 |       ||   108
       Unarmed           |       |       |   122 |   105 ||   227
Invok: Temporal Distorti |       |       |       |     1 ||     1
Evoke: Wand              |     8 |     8 |    25 |     5 ||    46
  Use: Potion            |       |       |     3 |     2 ||     5
 Stab: Sleeping          |     2 |     2 |    19 |     7 ||    30
       Distracted        |       |     1 |     1 |     1 ||     3
       Paralysed         |       |       |    11 |       ||    11
  Eat: Ration            |       |     1 |       |       ||     1
       Chunk             |       |     2 |     9 |     2 ||    13
Armor: Skin              |     5 |     3 |    21 |       ||    29
Dodge: Dodged            |    24 |    22 |   129 |    38 ||   213
Block: Buckler           |       |       |    87 |    24 ||   111

Table legend:
 A = Non-vault XP
 B = Vault XP
 C = Vault XP percentage of total XP
 D = Non-vault monster count
 E = Vault monster count
 F = Vault count percentage of total count
                 A         B        C        D         E       F
            +---------+---------+-------+---------+---------+-------
      Total |    8314 |    1230 |  12.9 |     139 |      54 |  28.0
            +---------+---------+-------+---------+---------+-------
        D:1 |      11 |       0 |   0.0 |       7 |       0 |   0.0
        D:2 |      10 |      20 |  66.7 |       8 |       5 |  38.5
        D:3 |       3 |       0 |   0.0 |       2 |       0 |   0.0
        D:4 |     594 |       0 |   0.0 |      22 |       0 |   0.0
        D:5 |     498 |     296 |  37.3 |      17 |       6 |  26.1
        D:6 |     785 |     216 |  21.6 |      28 |       6 |  17.6
        D:7 |     257 |       0 |   0.0 |       6 |       0 |   0.0
       D:10 |    2427 |     480 |  16.5 |      28 |      33 |  54.1
       D:11 |    3041 |     218 |   6.7 |      20 |       4 |  16.7
       D:14 |     688 |       0 |   0.0 |       1 |       0 |   0.0
            +---------+---------+-------+---------+---------+-------
